SAA
GULF COAST TURBEAUS @ FT. POLK SOUTH THUNDER HAWKS
07/30/2055
 
TOP OF THE 1ST
Gulf Coast Turbeaus batting - Pitching for Ft. Polk South Thunder Hawks : RHP Ze-dong Jiao
Pitching: RHP Ze-dong Jiao
Batting: LHB Garrett Crosby 0-0: Called Strike
0-1: Foul Ball, location: 2F
0-2: Foul Ball, location: 2F
0-2: Foul Ball, location: 2F
0-2: Ball
1-2: Strikes out swinging
Batting: LHB Mike Orchard 0-0: Swinging Strike
0-1: Called Strike
0-2: Ball
1-2: Strikes out swinging
Batting: LHB Gareth Holz 0-0: Ball
1-0: Swinging Strike
1-1: Ball
2-1: Foul Ball, location: 2F
2-2: Strikes out looking
Top of the 1st over - 0 runs, 0 hits, 0 errors, 0 left on base; Gulf Coast 0 - Ft. Polk South 0
BOTTOM OF THE 1ST
Ft. Polk South Thunder Hawks batting - Pitching for Gulf Coast Turbeaus : RHP Francisco Rodríguez
Pitching: RHP Francisco Rodríguez
Batting: LHB Teddy Perkins 0-0: Called Strike
0-1: Foul Ball, location: 2F
0-2: Ball
1-2: Ball
2-2: SINGLE (Groundball, 6MD, EV 97.5 MPH)
Batting: RHB Gilberto Gómez 0-0: Fly out, F7 (Flyball, 7LM, EV 79.4 MPH)
Batting: LHB José Mondragon 0-0: Ball
1-0: Ball
2-0: Foul Ball, location: 2F
2-1: Grounds into double play, 3-6-1 (Groundball, 3, EV 86.2 MPH)
Bottom of the 1st over - 0 runs, 1 hit, 0 errors, 0 left on base; Gulf Coast 0 - Ft. Polk South 0
TOP OF THE 2ND
Gulf Coast Turbeaus batting - Pitching for Ft. Polk South Thunder Hawks : RHP Ze-dong Jiao
Batting: LHB Lyndon Hann 0-0: Ball
1-0: Foul Ball, location: 2F
1-1: Ball
2-1: Ball
3-1: Base on Balls
Batting: RHB Alonso Rivera 0-0: Ball
1-0: Ball
2-0: SINGLE (Groundball, 6M, EV 82.5 MPH) (infield hit)
Lyndon Hann to second
Batting: RHB Kevin Vega 0-0: Called Strike
0-1: Ball
1-1: Ball
2-1: SINGLE (Groundball, 5S, EV 74.4 MPH) (infield hit)
Lyndon Hann to third
Alonso Rivera to second
Batting: RHB Caden Perkins 0-0: Fielders Choice at 2nd, 6-4 (Groundball, 6M, EV 89.4 MPH)
Lyndon Hann scores
Alonso Rivera to third
Batting: SHB Larry Stokes 0-0: Foul Ball, location: 2F
0-1: Ball
1-1: Grounds into double play, 6-4-3 (Groundball, 6, EV 87.5 MPH)
Top of the 2nd over - 1 run, 2 hits, 0 errors, 1 left on base; Gulf Coast 1 - Ft. Polk South 0
BOTTOM OF THE 2ND
Ft. Polk South Thunder Hawks batting - Pitching for Gulf Coast Turbeaus : RHP Francisco Rodríguez
Batting: RHB Norberto Carrillo 0-0: DOUBLE (Line Drive, 89XD, EV 103.8 MPH)
Batting: LHB Panagiotis Solomonidis 0-0: Fly out, F7 (Flyball, 7LS, EV 85.6 MPH)
Batting: RHB Gilby O'Bryan 0-0: Foul Ball, location: 2F
0-1: Ball
1-1: Ball
2-1: Foul Ball, location: 2F
2-2: Fly out, F8 (Flyball, 8LD, EV 80.6 MPH)
Batting: RHB Qing-lai Li 0-0: Foul Ball, location: 2F
0-1: Called Strike
0-2: Ball
1-2: Ball
2-2: Foul Ball, location: 2F
2-2: Fly out, F8 (Flyball, 8LXD, EV 96.9 MPH)
Bottom of the 2nd over - 0 runs, 1 hit, 0 errors, 1 left on base; Gulf Coast 1 - Ft. Polk South 0
TOP OF THE 3RD
Gulf Coast Turbeaus batting - Pitching for Ft. Polk South Thunder Hawks : RHP Ze-dong Jiao
Batting: RHB Gabriel O'Callan 0-0: Ball
1-0: Ball
2-0: Foul Ball, location: 2F
2-1: Ball
3-1: Foul Ball, location: 2F
3-2: Ground out 4-3 (Groundball, 4, EV 109.4 MPH)
Batting: LHB Garrett Crosby 0-0: Ball
1-0: Ball
2-0: Ball
3-0: Base on Balls
Batting: LHB Mike Orchard 0-0: Called Strike
0-1: Ball
1-1: Ball
2-1: Fielders Choice at 2nd, 6-4 (Groundball, 6, EV 103.1 MPH)
Batting: LHB Gareth Holz 0-0: Ball
1-0: Ball
2-0: Reached on error, E4 (Groundball, 4M, EV 79.4 MPH)
Mike Orchard to second
Batting: LHB Lyndon Hann 0-0: Called Strike
0-1: Ball
1-1: Ball
2-1: Ball
3-1: SINGLE (Groundball, 34D, EV 95.0 MPH)
Mike Orchard to third
Gareth Holz to second
Runner from 3rd tries for Home, SAFE, throw by RF to home
Batting: RHB Alonso Rivera 0-0: Fly out, F9 (Flyball, 89M, EV 85.0 MPH)
Top of the 3rd over - 1 run, 1 hit, 1 error, 2 left on base; Gulf Coast 2 - Ft. Polk South 0
BOTTOM OF THE 3RD
Ft. Polk South Thunder Hawks batting - Pitching for Gulf Coast Turbeaus : RHP Francisco Rodríguez
Batting: LHB Nelson Ríos 0-0: Ball
1-0: Ball
2-0: Swinging Strike
2-1: Ball
3-1: Base on Balls
Batting: RHB Ismael Mongelos 0-0: Ball
1-0: Called Strike
1-1: Called Strike
1-2: Fly out, F7 (Line Drive, 7LM, EV 85.0 MPH)
Batting: LHB Teddy Perkins 0-0: Ball
1-0: Ball
2-0: Called Strike
2-1: Ball
3-1: Swinging Strike
3-2: Fly out, F6 (Popup, 6S, EV 83.8 MPH)
Batting: RHB Gilberto Gómez 0-0: Ball
1-0: Foul Ball, location: 2F
1-1: Ball
2-1: Foul Ball, location: 2F
2-2: Fly out, F8 (Line Drive, 8RM, EV 86.2 MPH)
Bottom of the 3rd over - 0 runs, 0 hits, 0 errors, 1 left on base; Gulf Coast 2 - Ft. Polk South 0
TOP OF THE 4TH
Gulf Coast Turbeaus batting - Pitching for Ft. Polk South Thunder Hawks : RHP Ze-dong Jiao
Batting: RHB Kevin Vega 0-0: Called Strike
0-1: Foul Ball, location: 2F
0-2: DOUBLE (Line Drive, 5D, EV 98.8 MPH)
Batting: RHB Caden Perkins 0-0: Ground out 5-3 (Groundball, 56S, EV 69.4 MPH)
Kevin Vega to third
Batting: SHB Larry Stokes 0-0: Called Strike
0-1: Called Strike
0-2: Ball
1-2: Fly out, F7 (Flyball, 7D, EV 98.1 MPH)
Runner from 3rd tags up, SCORES, no throw by LF
Batting: RHB Gabriel O'Callan 0-0: Ball
1-0: Called Strike
1-1: Ground out 4-3 (Groundball, 4S, EV 71.9 MPH)
Top of the 4th over - 1 run, 1 hit, 0 errors, 0 left on base; Gulf Coast 3 - Ft. Polk South 0
BOTTOM OF THE 4TH
Ft. Polk South Thunder Hawks batting - Pitching for Gulf Coast Turbeaus : RHP Francisco Rodríguez
Batting: LHB José Mondragon 0-0: Called Strike
0-1: Called Strike
0-2: Fly out, F7 (Flyball, 78M, EV 88.1 MPH)
Batting: RHB Norberto Carrillo 0-0: Foul Ball, location: 2F
0-1: Ground out 6-3 (Groundball, 6, EV 85.6 MPH)
Batting: LHB Panagiotis Solomonidis 0-0: Ball
1-0: Foul Ball, location: 2F
1-1: Foul Ball, location: 2F
1-2: Foul Ball, location: 2F
1-2: Foul Ball, location: 2F
1-2: Ball
2-2: Foul Ball, location: 2F
2-2: Ball
3-2: DOUBLE (Line Drive, 89XD, EV 108.1 MPH)
Batting: RHB Gilby O'Bryan 0-0: Foul Ball, location: 2F
0-1: Called Strike
0-2: Ball
1-2: Ball
2-2: Foul Ball, location: 2F
2-2: Strikes out swinging, 2-3 out at first.
Bottom of the 4th over - 0 runs, 1 hit, 0 errors, 1 left on base; Gulf Coast 3 - Ft. Polk South 0
TOP OF THE 5TH
Gulf Coast Turbeaus batting - Pitching for Ft. Polk South Thunder Hawks : RHP Ze-dong Jiao
Batting: LHB Garrett Crosby 0-0: Foul Ball, location: 2F
0-1: Ball
1-1: Called Strike
1-2: Ball
2-2: Ball
3-2: Base on Balls
Batting: LHB Mike Orchard 0-0: Bunted foul
0-1: Sac Bunt to 2R - play at first, batter OUT! 2-3
Garrett Crosby to second
Batting: LHB Gareth Holz 0-0: Ball
1-0: Ball
2-0: SINGLE (Groundball, 6M, EV 88.8 MPH) (infield hit)
Garrett Crosby to third
Batting: LHB Lyndon Hann 0-0: Called Strike
0-1: Ball
1-1: SINGLE (Groundball, 4MD, EV 108.8 MPH)
Garrett Crosby scores
Gareth Holz to second
Batting: RHB Alonso Rivera 0-0: Ball
1-0: Ball
2-0: Ball
3-0: Called Strike
3-1: Base on Balls
Gareth Holz to third
Lyndon Hann to second
Batting: RHB Kevin Vega 0-0: Ball
1-0: Called Strike
1-1: Swinging Strike
1-2: Strikes out swinging
Batting: RHB Caden Perkins 0-0: Called Strike
0-1: SINGLE (Line Drive, 56D, EV 106.9 MPH)
Gareth Holz scores
Lyndon Hann to third
Alonso Rivera to second
Batting: SHB Larry Stokes 0-0: Called Strike
0-1: Ball
1-1: Ball
2-1: Ground out U3 (Groundball, 34, EV 88.8 MPH)
Top of the 5th over - 2 runs, 3 hits, 0 errors, 3 left on base; Gulf Coast 5 - Ft. Polk South 0
BOTTOM OF THE 5TH
Ft. Polk South Thunder Hawks batting - Pitching for Gulf Coast Turbeaus : RHP Francisco Rodríguez
Batting: RHB Qing-lai Li 0-0: Called Strike
0-1: Ball
1-1: Ball
2-1: Swinging Strike
2-2: Strikes out looking
Batting: LHB Nelson Ríos 0-0: Ball
1-0: Called Strike
1-1: Ball
2-1: SINGLE (Flyball, 4D, EV 93.1 MPH)
Batting: RHB Ismael Mongelos 0-0: Ball
Nelson Ríos is caught stealing 2nd base 2-4
1-0: Foul Ball, location: 2F
1-1: Foul Ball, location: 2F
1-2: Fly out, F9 (Flyball, 9LD, EV 103.1 MPH)
Bottom of the 5th over - 0 runs, 1 hit, 0 errors, 0 left on base; Gulf Coast 5 - Ft. Polk South 0
TOP OF THE 6TH
Gulf Coast Turbeaus batting - Pitching for Ft. Polk South Thunder Hawks : RHP Ze-dong Jiao
Pitching: RHP Colby Hopkins
Batting: RHB Gabriel O'Callan 0-0: Ball
1-0: Ground out 5-3 (Groundball, 56, EV 87.5 MPH)
Batting: LHB Garrett Crosby 0-0: SOLO HOME RUN (Flyball, 89XD, EV 98.8 MPH), Distance : 358 ft
Batting: LHB Mike Orchard 0-0: Called Strike
0-1: Ball
1-1: Ball
2-1: Foul Ball, location: 2F
2-2: Ground out 6-3 (Groundball, P, EV 88.8 MPH)
Batting: LHB Gareth Holz 0-0: Ball
1-0: Called Strike
1-1: Called Strike
1-2: Foul Ball, location: 2F
1-2: Ball
2-2: Strikes out swinging, 2-3 out at first.
Top of the 6th over - 1 run, 1 hit, 0 errors, 0 left on base; Gulf Coast 6 - Ft. Polk South 0
BOTTOM OF THE 6TH
Ft. Polk South Thunder Hawks batting - Pitching for Gulf Coast Turbeaus : RHP Francisco Rodríguez
Batting: LHB Teddy Perkins 0-0: Called Strike
0-1: Ball
1-1: Foul Ball, location: 2F
1-2: Foul Ball, location: 2F
1-2: Ball
2-2: Ball
3-2: Base on Balls
Batting: RHB Gilberto Gómez 0-0: Called Strike
Teddy Perkins is caught stealing 2nd base 2-4
0-1: Ball
1-1: Ground out 6-3 (Groundball, 56, EV 98.8 MPH)
Batting: LHB José Mondragon 0-0: Ball
1-0: Ball
2-0: Ball
3-0: Fly out, F7 (Flyball, 7D, EV 89.4 MPH)
Bottom of the 6th over - 0 runs, 0 hits, 0 errors, 0 left on base; Gulf Coast 6 - Ft. Polk South 0
TOP OF THE 7TH
Gulf Coast Turbeaus batting - Pitching for Ft. Polk South Thunder Hawks : RHP Colby Hopkins
Batting: LHB Lyndon Hann 0-0: Foul Ball, location: 2F
0-1: Ball
1-1: Ball
2-1: Ball
3-1: Foul Ball, location: 2F
3-2: Foul Ball, location: 2F
3-2: Foul Ball, location: 2F
3-2: Foul Ball, location: 2F
3-2: Foul Ball, location: 2F
3-2: Strikes out swinging
Batting: RHB Alonso Rivera 0-0: SINGLE (Groundball, 4MD, EV 105.0 MPH) (infield hit)
Batting: RHB Kevin Vega 0-0: Called Strike
0-1: Ball
1-1: Ball
2-1: Foul Ball, location: 2F
2-2: Strikes out swinging
Batting: RHB Caden Perkins 0-0: Ball
1-0: Ball
2-0: Foul Ball, location: 2F
2-1: Foul Ball, location: 2F
2-2: Ball
3-2: Base on Balls
Alonso Rivera to second
Batting: SHB Larry Stokes 0-0: Called Strike
0-1: Ball
1-1: Ground out 4-3 (Groundball, 4, EV 76.2 MPH)
Top of the 7th over - 0 runs, 1 hit, 0 errors, 2 left on base; Gulf Coast 6 - Ft. Polk South 0
BOTTOM OF THE 7TH
Ft. Polk South Thunder Hawks batting - Pitching for Gulf Coast Turbeaus : RHP Francisco Rodríguez
Batting: RHB Norberto Carrillo 0-0: Ball
1-0: Fly out, F7 (Line Drive, 7LM, EV 106.2 MPH)
Batting: LHB Panagiotis Solomonidis 0-0: Ball
1-0: Ball
2-0: Ball
3-0: Called Strike
3-1: SOLO HOME RUN (Flyball, 89XD, EV 102.5 MPH), Distance : 407 ft
Pitching: LHP Yok-sing Zhou
Batting: RHB Gilby O'Bryan 0-0: Foul Ball, location: 2F
0-1: Fly out, F8 (Flyball, 8LXD, EV 91.9 MPH)
Batting: RHB Qing-lai Li 0-0: Ball
1-0: Swinging Strike
1-1: SINGLE (Flyball, 7, EV 97.5 MPH)
Batting: LHB Nelson Ríos 0-0: Called Strike
Qing-lai Li is caught stealing 2nd base 2-6
Bottom of the 7th over - 1 run, 2 hits, 0 errors, 0 left on base; Gulf Coast 6 - Ft. Polk South 1
TOP OF THE 8TH
Gulf Coast Turbeaus batting - Pitching for Ft. Polk South Thunder Hawks : RHP Colby Hopkins
Batting: RHB Gabriel O'Callan 0-0: Swinging Strike
0-1: Foul Ball, location: 2F
0-2: Strikes out swinging
Pitching: LHP Dylan Ziersch
Batting: LHB Garrett Crosby 0-0: Called Strike
0-1: Ball
1-1: Ball
2-1: Foul Ball, location: 2F
2-2: Ball
3-2: Strikes out swinging
Batting: LHB Mike Orchard 0-0: Called Strike
0-1: Ball
1-1: Foul Ball, location: 2F
1-2: Fly out, F8 (Flyball, 78M, EV 86.9 MPH)
Top of the 8th over - 0 runs, 0 hits, 0 errors, 0 left on base; Gulf Coast 6 - Ft. Polk South 1
BOTTOM OF THE 8TH
Ft. Polk South Thunder Hawks batting - Pitching for Gulf Coast Turbeaus : LHP Yok-sing Zhou
Batting: LHB Nelson Ríos 0-0: Ball
1-0: Called Strike
1-1: Called Strike
1-2: Ball
2-2: Foul Ball, location: 2F
2-2: Strikes out swinging
Batting: RHB Ismael Mongelos 0-0: Ball
1-0: Ball
2-0: Swinging Strike
2-1: Ball
3-1: Swinging Strike
3-2: Foul Ball, location: 2F
3-2: Base on Balls
Batting: LHB Teddy Perkins 0-0: Ball
1-0: 2-RUN HOME RUN (Flyball, 89XD, EV 99.4 MPH), Distance : 384 ft
Batting: RHB Gilberto Gómez 0-0: Ball
1-0: Fly out, F9 (Flyball, 89M, EV 90.0 MPH)
Batting: LHB José Mondragon 0-0: Swinging Strike
0-1: Swinging Strike
0-2: Strikes out looking
Bottom of the 8th over - 2 runs, 1 hit, 0 errors, 0 left on base; Gulf Coast 6 - Ft. Polk South 3
TOP OF THE 9TH
Gulf Coast Turbeaus batting - Pitching for Ft. Polk South Thunder Hawks : LHP Dylan Ziersch
Batting: LHB Gareth Holz 0-0: Called Strike
0-1: Foul Ball, location: 2F
0-2: Ball
1-2: Fly out, F7 (Flyball, 7, EV 84.4 MPH)
Batting: LHB Lyndon Hann 0-0: Ball
1-0: Foul Ball, location: 2F
1-1: Called Strike
1-2: Ball
2-2: Ball
3-2: Base on Balls
Batting: RHB Alonso Rivera 0-0: Called Strike
0-1: Ball
1-1: Ball
2-1: Foul Ball, location: 2F
2-2: Strikes out looking
Batting: RHB Kevin Vega 0-0: Ball
1-0: Ball
2-0: Ball
3-0: Called Strike
3-1: Foul Ball, location: 2F
3-2: Strikes out swinging
Top of the 9th over - 0 runs, 0 hits, 0 errors, 1 left on base; Gulf Coast 6 - Ft. Polk South 3
BOTTOM OF THE 9TH
Ft. Polk South Thunder Hawks batting - Pitching for Gulf Coast Turbeaus : LHP Yok-sing Zhou
Pitching: RHP Otis Luhgow
Batting: RHB Norberto Carrillo 0-0: Ball
1-0: Swinging Strike
1-1: Foul Ball, location: 2F
1-2: Ball
2-2: Strikes out looking
Batting: LHB Panagiotis Solomonidis 0-0: Swinging Strike
0-1: Swinging Strike
0-2: Ball
1-2: Strikes out looking
Batting: RHB Gilby O'Bryan 0-0: SINGLE (Line Drive, 6D, EV 98.1 MPH)
Batting: RHB Qing-lai Li 0-0: Called Strike
0-1: Ball
1-1: 2-RUN HOME RUN (Flyball, 7LD, EV 90.6 MPH), Distance : 352 ft
Batting: LHB Nelson Ríos 0-0: Swinging Strike
0-1: Called Strike
0-2: Ball
1-2: Ground out U3 (Groundball, 3L, EV 98.1 MPH)
Bottom of the 9th over - 2 runs, 2 hits, 0 errors, 0 left on base; Gulf Coast 6 - Ft. Polk South 5
Sunday, June 30th , 2024 - OOTP Baseball 23.10 Build 110